 Dungeon Crawl Stone Soup version 0.29-a0-993-g4a18f31a58 (webtiles) character file.

Game seed: 4713400256104368384

28 ytrimaz the Shield-Bearer (level 3, -3/29 HPs)
             Began as a Formicid Fighter on Aug 3, 2022.
             Slain by a gnoll
             ... wielding a +0 halberd
              (11 damage)
             ... on level 2 of the Dungeon.
             The game lasted 00:00:53 (1102 turns).

ytrimaz the Shield-Bearer (Formicid Fighter)        Turns: 1102, Time: 00:00:54

Health: -3/29      AC:  6    Str: 22    XL:     3   Next: 30%
Magic:  3/3        EV:  9    Int:  7    God:
Gold:   59         SH:  5    Dex: 13    Spells: 2/2 levels left

rFire   . . .      SeeInvis +   a - +0 war axe
rCold   . . .      Faith    .   c - +0 buckler
rNeg    . . .      Spirit   .   b - +0 scale mail
rPois   .          Reflect  .   (helmet unavailable)
rElec   .          Harm     .   (no cloak)
rCorr   .          Rampage  .   (no gloves)
Will    .....                   (no boots)
Stlth   ..........              (no amulet)
HPRegen 0.09/turn               (no ring)
MPRegen 0.08/turn               (no ring)

@: mighty
A: permanent stasis, dig shafts and tunnels, antennae 3, four strong arms
a: Dig, Shaft Self


You were on level 2 of the Dungeon.
You visited 1 branch of the dungeon, and saw 2 of its levels.

You collected 59 gold pieces.

Inventory:

Hand Weapons
 a - a +0 war axe (weapon)
Armour
 b - a +0 scale mail (worn)
 c - a +0 buckler (worn)
Scrolls
 f - 3 scrolls of amnesia {unknown}
Potions
 d - a potion of might
 e - 2 potions of heal wounds {unknown}
 g - a potion of resistance {unknown}


   Skills:
 - Level 3.2 Fighting
 + Level 3.5 Axes
 - Level 3.2 Armour
 - Level 4.0 Shields


You had 2 spell levels left.
You didn't know any spells.
Your spell library contained the following spells:

 Spells                   Type           Power      Damage    Failure   Level
 Beastly Appendage        Tmut           0%         N/A       83%         1
 Wereblood                Tmut           0%         N/A       92%         2
 Spider Form              Tmut/Pois      0%         N/A       99%         3


Dungeon Overview and Level Annotations

Branches:
Dungeon (2/15)

Altars:


Innate Abilities, Weirdness & Mutations

You cannot be hasted, slowed, berserked, paralysed or teleported.
You can dig through walls and to a lower floor.
You have a pair of large antennae on your head. (SInv)
Your four strong arms can wield two-handed weapons with a shield.


Message History

A gnoll is nearby!
A gnoll is nearby!
A gnoll comes into view. It is wielding a +0 halberd.
The gnoll shouts!
You hit the gnoll but do no damage. The gnoll barely misses you.
You hit the gnoll.
The gnoll is moderately wounded.
A gnoll comes into view. It is wielding a +0 halberd.
You block the gnoll's attack.
The gnoll hits you from afar with a +0 halberd!
Unknown command.
The gnoll barely misses you. The gnoll hits you but does no damage.
The gnoll attacks as you move away!
The gnoll hits you with a +2 whip of electrocution.
The gnoll barely misses you. x2
Unknown command.
Unknown command.
You slash the gnoll!
The gnoll is heavily wounded.
You barely miss the gnoll. You hit the gnoll. You block the gnoll's attack.
The gnoll barely misses you. You block the gnoll's attack.
Unknown command.
You barely miss the gnoll.
The gnoll is heavily wounded.
You hit the gnoll. x2; The gnoll hits you with a +0 halberd.
The gnoll closely misses you. You block the gnoll's attack.
Unknown command.
Unknown command.
You feel very mighty all of a sudden.
The gnoll barely misses you. x2; The gnoll hits you with a +0 halberd!
* * * LOW HITPOINT WARNING * * *
Unknown command.
Unknown command.
You hit the gnoll.
You kill the gnoll!
You slash the gnoll!
You kill the gnoll!
You slash the gnoll! The gnoll closely misses you.
The gnoll hits you with a +0 halberd!
You die...

.##.#....#.#####.####
....#....#.....#.....
.........'........รท..
#####....#####.#....#
#....# #.#.#..# #....#
#.#.##.# # #....#
#.#....# #.##....#
#.###### #.)@)...#
#.###### ........g...+
........ ########...?#
+###### ###### {


You could see a gnoll.

Vanquished Creatures
  2 gnolls (D:2)
  An adder (D:2)
  A worm (D:2)
  A bat (D:2)
  4 hobgoblins
  5 kobolds
  4 ball pythons
  A frilled lizard (D:1)
  2 rats
21 creatures vanquished.

Notes
Turn   | Place    | Note
-------+----------+-------------------------------------------
     0 | D:1      | ytrimaz the Formicid Fighter began the quest for the Orb.
     0 | D:1      | Reached XP level 1. HP: 18/18 MP: 1/1
    63 | D:1      | Found a faded altar of an unknown god.
   368 | D:1      | Reached XP level 2. HP: 24/24 MP: 2/2
  1013 | D:2      | Reached XP level 3. HP: 29/29 MP: 3/3
  1102 | D:2      | Slain by a gnoll

Illustrated notes

Levels and vault maps discovered:
D:1:      matt_arrival_refuge, layout_basic,
          hellmonk_ecumenical_altar_heavens_door
D:2:      layout_basic

Skill      XL: |  1  2 |
---------------+-------+-----
Axes           | 3 |  3.5
Fighting       | |  3.2
Armour         | |  3.2
Shields        | |  4.0

Action                   || total
-------------------------++-------
Melee: War axe           ||    48
  Use: Scroll            ||     1
       Potion            ||     1
Armor: Scale mail        ||    22
Dodge: Dodged            ||    28
Block: Buckler           ||    12

Table legend: (Time is in decaauts)
 A = Elapsed time spent in this place.
 B = Non-inter-level travel time spent in this place.
 C = Inter-level travel time spent in this place.
 D = Time resting spent in this place.
 E = Time spent auto-exploring this place.
 F = Levels seen in this place.
 G = Mean time per level.
                   A        B        C        D        E       F      G
               +--------+--------+--------+--------+--------+-----+--------+
         Total |   1120 |   1105 |     15 |      0 |    918 |   2 |  560.0 |
       Dungeon |   1120 |   1105 |     15 |      0 |    918 |   2 |  560.0 |
               +--------+--------+--------+--------+--------+-----+--------+

Top non-repeatable levels by time:
     D:1: 777 daAuts
     D:2: 342 daAuts
